 Dungeon Crawl Stone Soup version 0.31-a0-1093-gadecf4124d (webtiles) character file.

Game seed: 14509754706718223399

1915 Bnni the Skirmisher (level 9, 0/71 HPs)
             Began as a Barachi Hunter on Nov 29, 2023.
             Was a Follower of Fedhas.
             Killed from afar by a white imp (12 damage)
             ... with a puff of frost
             ... on level 8 of the Dungeon.
             The game lasted 00:10:27 (4731 turns).

Bnni the Skirmisher (Barachi Hunter)                Turns: 4731, Time: 00:10:29

Health: 0/71       AC:  9    Str: 13    XL:     9   Next: 16%
Magic:  12/12      EV: 20    Int:  9    God:    Fedhas [*.....]
Gold:   283        SH:  0    Dex: 20    Spells: 8/8 levels left

rFire   . . .        a - +0 shortbow
rCold   . . .        (shield currently unavailable)
rNeg    . . .        c - +0 leather armour
rPois   .            E - +2 helmet
rElec   .            A - +0 cloak
rCorr   .            y - +0 pair of gloves
SInv    .            q - +0 pair of boots
Will    .....        (no amulet)
Stlth   ++           B - +5 ring of evasion
HPRegen 0.31/turn    (no ring)
MPRegen 0.13/turn

%: no passive effects
@: slow
A: amphibious, slowness 1, strong legs 1, +LOS
a: Hop, Renounce Religion


You were on level 8 of the Dungeon.
You worshipped Fedhas.
Fedhas was aware of your devotion.
You visited 2 branches of the dungeon, and saw 9 of its levels.

You collected 316 gold pieces.
You spent 33 gold pieces at shops.

Inventory:

Hand Weapons
 a - a +0 shortbow (weapon)
Missiles
 u - 4 poisoned darts
Armour
 c - a +0 leather armour (worn)
 q - a +0 pair of boots (worn)
 y - a +0 pair of gloves (worn)
 A - a +0 cloak (worn)
 E - a +2 helmet (worn)
Jewellery
 B - a +5 ring of evasion (left hand)
Wands
 t - a wand of charming (2)
 x - a wand of quicksilver (12)
Scrolls
 b - a scroll of butterflies
 d - 4 scrolls of teleportation
 f - 3 scrolls of fog {unknown}
 g - a scroll of torment {unknown}
 h - 3 scrolls of identify {unknown}
 k - a scroll of vulnerability {unknown}
 l - a scroll of enchant armour {unknown}
 m - 3 scrolls of revelation {unknown}
 o - a scroll of fear {unknown}
 p - 2 scrolls of poison {unknown}
 s - a scroll of amnesia {unknown}
 z - 3 scrolls of enchant weapon {unknown}
 D - a scroll of blinking {unknown}
Potions
 e - a potion of attraction {unknown}
 i - a potion of brilliance {unknown}
 j - 2 potions of curing
 n - 2 potions of mutation {unknown}
 r - a potion of haste {unknown}
 v - a potion of resistance {unknown}
 w - a potion of heal wounds {unknown}
 C - a potion of ambrosia {unknown}


   Skills:
 + Level 6.6 Fighting
 * Level 8.6 Ranged Weapons
 + Level 5.6 Dodging
 - Level 0.8 Stealth
 * Level 4.6 Invocations


You had 8 spell levels left.
You didn't know any spells.
Your spell library contained the following spells:

 Spells                   Type           Power      Damage    Failure   Level
 Blink                    Tloc           0%         N/A       61%         2
 Lesser Beckoning         Tloc           0%         N/A       61%         2
 Momentum Strike          Conj/Tloc      0%         3d8       61%         2
 Dazzling Flash           Conj/Hex       0%         N/A       83%         3
 Stone Arrow              Conj/Erth      0%         3d7       83%         3
 Volatile Blastmotes      Fire/Tloc      0%         2d10      83%         3
 Animate Armour           Summ/Erth      0%         N/A       99%         4
 Starburst                Conj/Fire      0%         6d3       100%        6
 Lehudib's Crystal Spear  Conj/Erth      0%         10d2      100%        8
 Maxwell's Capacitive Co  Air            0%         ∞         100%        8


Dungeon Overview and Level Annotations

Branches:
Dungeon (9/15)             Temple (1/1) D:5
   Lair: D:8-11         Orc: D:9-12

Altars:
Ashenzari
Cheibriados
Dithmenos
Elyvilon
Fedhas
Gozag
Hepliaklqana
Makhleb
Nemelex Xobeh
Okawaru
Qazlal
Ru
Sif Muna
Trog
Uskayaw
Wu Jian
Xom
Yredelemnul
Zin
The Shining One

Shops:
D:4 *

Annotations:
D:8 1 runed translucent door


Innate Abilities, Weirdness & Mutations

You are amphibious.
You cover ground slowly.
You can hop short distances.
You have an extended range of vision and can be seen from far away.


Message History

The wyvern closely misses you.
You shoot an arrow. The arrow hits the wyvern.
The wyvern is almost dead.
The wyvern misses you.
You shoot an arrow. The arrow barely misses the wyvern.
The arrow hits the white imp!
The white imp is severely wounded.
The wyvern bites you!
* * * LOW HITPOINT WARNING * * *
The wyvern bites you but does no damage.
You shoot an arrow.
The arrow hits the wyvern but does no damage.
The wyvern is almost dead.
The wyvern bites you but does no damage.
Unknown command.
You shoot an arrow.
The arrow hits the wyvern but does no damage.
The wyvern is almost dead.
The wyvern completely misses you. x2
Unknown command.
You shoot an arrow. The arrow hits the wyvern.
The wyvern is almost dead.
The wyvern closely misses you.
Unknown command.
You shoot an arrow. The arrow hits the wyvern.
You kill the wyvern!
Fedhas appreciates your contribution to the ecosystem.
The white imp gestures at you. The puff of frost hits you.
* * * LOW HITPOINT WARNING * * *
Unknown command.
Fire: a) +0 shortbow
Press: ? - help, Shift-Dir - straight line, f - white imp
Aim: a white imp (severely wounded, 69% to hit)
You shoot an arrow. The arrow hits the white imp.
The white imp is severely wounded.
The white imp gestures at you. The puff of frost hits you!
You die...
Fedhas appreciates your contribution to the ecosystem.

.o.##.......
#..###########
...##......
########.............
...##....#
#............~≈~~~...
#.###....#
#........#..~~≈†.....
.........#
#.....).......~~~....
...o.....#
#....).......~~......
.[.~~~~~.#
####.##..............
...o≈≈...#
#.##..............
...~~~...#
#@##...###########
)........# ##†##...#
.........# ##.5##...#
.#####.### ###..#######
.....#.# .##.)##########
.....#o# .##............
.....#.# #.##............
.....#.##.......~~~......
........#..###...........


You could see a white imp.

Vanquished Creatures
  A wyvern (D:8)
  An orc warrior (D:8)
  2 ice beasts
  A centaur (D:8)
  3 phantoms
  2 bullfrogs (D:8)
  A gnoll sergeant (D:6)
  3 scorpions
  3 howler monkeys
  2 electric eels (D:8)
  4 hounds
  3 orc priests (D:8)
  A gnoll bouda (D:6)
  Ijyb (D:2)
  Terence (D:3)
  2 orc wizards
  An iguana (D:6)
  12 gnolls
  7 adders
  4 worms
  A dart slug (D:1)
  7 orcs
  7 ball pythons
  3 bats (D:1)
  5 endoplasms
  2 giant cockroaches
  10 goblins
  5 hobgoblins
  3 jackals (D:3)
  7 kobolds
  6 quokkas
  5 frilled lizards
  5 rats
121 creatures vanquished.

Notes
Turn   | Place    | Note
-------+----------+-------------------------------------------
     0 | D:1      | Bnni the Barachi Hunter began the quest for the Orb.
     0 | D:1      | Reached XP level 1. HP: 17/17 MP: 1/1
    85 | D:1      | Reached XP level 2. HP: 23/23 MP: 2/2
   289 | D:1      | Reached XP level 3. HP: 29/29 MP: 3/3
   827 | D:2      | Reached XP level 4. HP: 35/35 MP: 4/4
   907 | D:2      | Reached skill level 5 in Ranged Weapons
  1307 | D:3      | Noticed Terence
  1307 | D:3      | Noticed Ijyb
  1324 | D:2      | Killed Ijyb
  1427 | D:3      | Killed Terence
  1428 | D:3      | Reached XP level 5. HP: 39/42 MP: 5/5
  1501 | D:3      | Noticed an ice beast
  1511 | D:3      | Killed an ice beast
  1520 | D:3      | Reached XP level 6. HP: 48/48 MP: 6/6
  1615 | D:3      | Identified the +0 buckler "Igiegrup" {Rampage *Corrode Fly
                  | Dex+3}
  1718 | D:3      | Found a bloodstained altar of Trog.
  1728 | D:3      | Found a glowing golden altar of the Shining One.
  1776 | D:3      | Found a sacrificial altar of Ru.
  1870 | D:3      | Reached skill level 6 in Ranged Weapons
  2125 | D:4      | Found Afawk's General Store.
  2130 | D:4      | Bought a scroll of teleportation for 33 gold pieces
  2190 | D:4      | Found a shimmering blue altar of Sif Muna.
  2648 | D:4      | Identified the +6 scale mail of Watchfulness {Str+3}
  2677 | D:5      | Entered Level 5 of the Dungeon
  2680 | D:5      | Found a staircase to the Ecumenical Temple.
  2695 | D:5      | Reached skill level 5 in Fighting
  2695 | D:5      | Reached XP level 7. HP: 31/56 MP: 7/7
  2831 | Temple   | Entered the Ecumenical Temple
  2844 | Temple   | Became a worshipper of Fedhas Madash
  2920 | D:5      | Found an iron altar of Okawaru.
  3202 | D:5      | Reached skill level 1 in Invocations
  3346 | D:5      | Reached skill level 7 in Ranged Weapons
  3409 | D:5      | Found a broken altar of Ashenzari.
  3796 | D:6      | Reached XP level 8. HP: 60/63 MP: 9/9
  3813 | D:6      | Found a stormy altar of Qazlal.
  3905 | D:6      | Reached * piety under Fedhas
  4075 | D:6      | You fall into a shaft and drop 2 floors!
  4113 | D:8      | Found a runed translucent door.
  4113 | D:8      | Noticed a sixfirhy
  4154 | D:8      | Noticed a wyvern
  4171 | D:9      | Noticed a yak
  4190 | D:8      | Reached skill level 5 in Dodging
  4579 | D:8      | Reached skill level 8 in Ranged Weapons
  4654 | D:8      | Reached XP level 9. HP: 48/71 MP: 12/12
  4731 | D:8      | Killed from afar by a white imp

Illustrated notes

Levels and vault maps discovered:
D:1:      wheals_arrival_linesprint, layout_rooms, serial_bayou_pond_d,
          minmay_tromino_v4_a
D:2:      layout_loops_cross
D:3:      layout_rooms, mainiacjoe_overflow_alcove_4,
          mainiacjoe_overflow_big_doors, minivault_26, minmay_close_crescents,
          uniq_terence, uniq_ijyb
D:4:      layout_loops_cross, kennysheep_mini_moat, serial_shops,
          nicolae_shop_waterfront, wad_floor_pattern_2
D:5:      layout_loops_cross, amcnicky_altar_gilded, ashenzari_altar_1,
          minmay_temple_entry_stoned_glass
D:6:      layout_loops_ring, tgw_kikubaaqudgha, grunt_qazlal_clouds,
          water_maze_lemuel
D:8:      cheibrodos_shockbox, layout_basic, vehumet_crystals,
          grunt_decor_arrowhead, nicolae_the_louvre
D:9:      layout_rooms, minmay_orc_entry_guard_dogs, serial_ice, serial_ice_d,
          serial_ice_k, serial_ice_o, serial_ice_n, serial_ice_g
Temple:   compressed_dpeg_triangle_lava_temple

Skill      XL: |  1  2  3  4  5  6  7  8 |
---------------+-------------------------+-----
Fighting       | 3 4 5 6 |  6.6
Ranged Weapons | 5 6 7 8 |  8.6
Dodging        | 3 4 5 |  5.6
Invocations    | 2 4 |  4.6
Stealth        | |  0.8

Action                     |  1- 3 |  4- 6 |  7- 9 || total
---------------------------+-------+-------+-------++-------
   Fire: Shortbow          |   113 |   182 |   333 ||   628
  Throw: Throwing net      |       |     1 |       ||     1
         Dart              |       |       |     2 ||     2
Ability: Hop               |       |       |     1 ||     1
    Use: Scroll            |       |       |     4 ||     4
         Potion            |       |       |     1 ||     1
 Armour: Leather armour    |    27 |    56 |   131 ||   214
  Dodge: Dodged            |    29 |    62 |   193 ||   284

Table legend: (Time is in decaauts)
 A = Elapsed time spent in this place.
 B = Non-inter-level travel time spent in this place.
 C = Inter-level travel time spent in this place.
 D = Time resting spent in this place.
 E = Time spent auto-exploring this place.
 F = Levels seen in this place.
 G = Mean time per level.
                   A        B        C        D        E       F      G
               +--------+--------+--------+--------+--------+-----+--------+
         Total |   5433 |   5089 |    344 |    471 |   3333 |   9 |  603.7 |
       Dungeon |   5401 |   5086 |    315 |    471 |   3333 |   8 |  675.1 |
        Temple |     31 |      3 |     28 |      0 |      0 |   1 |   31.0 |
               +--------+--------+--------+--------+--------+-----+--------+

Top non-repeatable levels by time:
     D:5: 904 daAuts
     D:2: 828 daAuts
     D:4: 818 daAuts
     D:1: 797 daAuts
     D:3: 707 daAuts
     D:8: 707 daAuts
     D:6: 635 daAuts
  Temple: 31 daAuts
     D:9: 1 daAuts
